AoeStats
← suvdan.77

Black Forest

510353744Analyzed
2v2 RM · 19h ago on Sep 30, 2026· 22m 45s· 4 players
Game mode
Random Map
Map size
Medium (4 player)
Population
200
Speed
Normal
Resources
Standard
Victory
Conquest
Starting age
Dark Age
Ending age
Imperial Age
RankedLock teamsTeams togetherTeam positionsShared explorationLock speedFull tech treeHidden civsTurbo modeCheats
Victory
Defeat
🇪🇸 Britons · Spain
536
+16
🇭🇺 Franks · Hungary
527
+17
🇦🇷 Sicilians · Argentina
569
-18
🇦🇷 Saxons · Argentina
514
-15
BIKO01
15:03 Feudal Age
16:50 Wheelbarrow
suvdan.77
0:35 Loom
12:14 Feudal Age
16:42 Castle Age
19:19 Man-at-Arms
19:45 Gambesons
20:11 Long Swordsman
The_Duck
14:22 Feudal Age
15:01 Double-Bit Axe
F1TRACER
14:34 Feudal Age
17:53 Wheelbarrow
17:57 Double-Bit Axe
20:44 Fishing Lines
Connection lost

Rejoining the realm…

Still unreachable

The connection could not be restored.

Session expired

The server has moved on; the page needs a fresh start.